 Dungeon Crawl Stone Soup version 0.30.0-10-gfe55d96785 (webtiles) character file.

Game seed: 15853328504833536251

858 AlmostDecent the Digger (level 8, -2/58 HPs)
             Began as a Gnoll Earth Elementalist on May 14, 2023.
             Was an Initiate of Vehumet.
             Slain by Pikel
             ... wielding a +1 whip of flaming
              (3 damage)
             ... on level 5 of the Dungeon.
             The game lasted 00:17:53 (3963 turns).

AlmostDecent the Digger (Gnoll Earth Elementalist)  Turns: 3963, Time: 00:17:53

Health: -2/58      AC:  5    Str:  8    XL:     8   Next: 2%
Magic:  10/16      EV: 14    Int: 16    God:    Vehumet [......]
Gold:   140        SH:  0    Dex: 13    Spells: 10/18 levels left

rFire   . . .        o - +4 quarterstaff (chaos)
rCold   . . .        (shield currently unavailable)
rNeg    . . .        a - +0 robe
rPois   .            f - +0 helmet
rElec   .            p - +0 cloak
rCorr   +            (no gloves)
SInv    .            h - +0 pair of boots
Will    .....        (no amulet)
Stlth   +++          e - ring of resist corrosion
HPRegen 0.29/turn    i - +4 ring of slaying
MPRegen 0.15/turn

%: no passive effects
@: invisible
A: fangs 1, strong nose, distributed training
a: Renounce Religion


You were on level 5 of the Dungeon.
You worshipped Vehumet.
Vehumet was noncommittal.
You visited 2 branches of the dungeon, and saw 6 of its levels.

You collected 140 gold pieces.

Inventory:

Hand Weapons
 o - a +4 quarterstaff of chaos (weapon)
Armour
 a - a +0 robe (worn)
 f - a +0 helmet (worn)
 h - a +0 pair of boots (worn)
 p - a +0 cloak (worn)
 w - a +0 leather armour
Jewellery
 e - a ring of resist corrosion (left hand)
 i - a +4 ring of slaying (right hand)
 t - a ring of willpower
Scrolls
 c - a scroll of torment
 g - 2 scrolls of immolation
 j - a scroll of poison
 k - a scroll of blinking
 m - a scroll of noise {unknown}
 s - a scroll of teleportation {unknown}
Potions
 b - a potion of magic
 l - a potion of lignification
 n - a potion of haste


   Skills:
 + Level 3.0 Fighting
 + Level 3.0 Short Blades
 + Level 3.0 Long Blades
 + Level 3.0 Axes
 + Level 3.0 Maces & Flails
 + Level 3.0 Polearms
 + Level 3.0 Staves
 + Level 3.0 Ranged Weapons
 + Level 3.0 Throwing
 + Level 3.0 Armour
 + Level 5.5 Dodging
 + Level 5.2 Stealth
 + Level 3.0 Shields
 + Level 3.0 Unarmed Combat
 + Level 5.9 Spellcasting
 + Level 2.4 Conjurations
 + Level 2.4 Hexes
 + Level 2.4 Summonings
 + Level 2.4 Necromancy
 + Level 2.4 Translocations
 + Level 3.3 Transmutations
 + Level 2.4 Fire Magic
 + Level 2.4 Ice Magic
 + Level 2.4 Air Magic
 + Level 6.0 Earth Magic
 + Level 2.4 Poison Magic
 + Level 3.3 Invocations
 + Level 3.0 Evocations


You had 10 spell levels left.
You knew the following spells:

 Your Spells              Type           Power      Damage    Failure   Level
a - Sandblast             Erth           48%        2d12      1%          1
b - Passwall              Tmut/Erth      15%        N/A       3%          2
c - Stone Arrow           Conj/Erth      36%        3d9       8%          3
d - Searing Ray           Conj           24%        2d5       8%          2

Your spell library contained the following spells:

 Spells                   Type           Power      Damage    Failure   Level
 Kiss of Death            Conj/Necr      48%        2d9       5%          1
 Magic Dart               Conj           48%        1d5       5%          1
 Scorch                   Fire           24%        2d6       8%          2
 Static Discharge         Conj/Air       24%        2-3/arc   8%          2
 Confusing Touch          Hex            12%        N/A       16%         3
 Petrify                  Tmut/Erth      19%        N/A       21%         4
 Airstrike                Air            6%         2d(1-17)  45%         4
 Dispel Undead            Necr           12%        3d9       45%         4
 Flame Wave               Conj/Fire      12%        2d6       45%         4
 Fulminant Prism          Conj/Hex       6%         3d6       45%         4
 Summon Lightning Spire   Summ/Air       12%        N/A       45%         4
 Summon Cactus Giant      Summ           6%         N/A       100%        6


Dungeon Overview and Level Annotations

Branches:
Dungeon (5/15)             Temple (1/1) D:5

Altars:
Ashenzari
Dithmenos
Elyvilon
Hepliaklqana
Makhleb
Nemelex Xobeh
Okawaru
Qazlal
Ru
Trog
Uskayaw
Vehumet
Wu Jian
Xom
Yredelemnul
Zin
The Shining One

Shops:
D:4 (

Annotations:
D:3 2 transporters, Zeldahummer's ghost, amateur MfNe
D:5 2 transporters, Pikel


Innate Abilities, Weirdness & Mutations

You have very sharp teeth.
Your uncanny sense of smell can sniff out nearby items.
Your experience applies equally to all skills.


Message History

The lemure shouts!
Pikel shouts!
The blast of sand hits the lemure but does no damage.
The lemure is lightly wounded.
The lemure shouts! x2
The blast of sand hits the lemure but does no damage.
The lemure is lightly wounded.
The lemure barely misses you. The lemure hits you but does no damage.
The blast of sand hits the lemure but does no damage.
The lemure is lightly wounded.
The lemure misses you. The lemure barely misses you. The lemure hits you!
The blast of sand hits the lemure.
The lemure is lightly wounded.
The lemure hits you. x2; The lemure closely misses you.
The lemure hits you. The lemure barely misses you.
The blast of sand misses the lemure.
The lemure barely misses you. x3
Pikel hits you with a +1 whip of flaming.
Pikel burns you.
Casting: Sandblast (safe; 1% risk of failure)
Confirm with . or Enter, or press ? or * to list all spells.
Aiming: Sandblast (safe; 1% risk of failure)
Press: ? - help, Shift-Dir - straight line, f - Pikel, p - lemure
Aim: Pikel, wielding a +1 whip of flaming and wearing a +0 robe (79% to hit)
The blast of sand hits Pikel!
Pikel is moderately wounded.
The lemure completely misses you. The lemure hits you.
Pikel hits you with a +1 whip of flaming.
Pikel burns you. The lemure closely misses you.
Pikel hits you with a +1 whip of flaming!
Pikel burns you. The lemure hits you. x2
* * * LOW HITPOINT WARNING * * *
The lemure hits you.
* * * LOW HITPOINT WARNING * * *
You fade into invisibility!
The lemure closely misses you. The lemure hits you.
* * * LOW HITPOINT WARNING * * *
The lemure misses you. The lemure closely misses you.
Pikel hits you with a +1 whip of flaming!
* * * LOW HITPOINT WARNING * * *
Pikel burns you.
You die...

####............#.# ##
!. #.#####.#....#.#.. ∆
.#$#..#....#.$...... .
#.y#....####....# .###..
#yy#©...##...$..##......
#.y#....................
.#.#....................
..##............55......
#. #....#.......@K......
. #...##.......55......
#...##...†...........
#....##........$......
#.....#................
..... ..........#.....#
...####..#...##### .#.
#..#.###


You could see Pikel (unable to see you) and 4 lemures.

Vanquished Creatures
  3 black bears
  An ogre (D:5)
  A bullfrog (D:4)
  A jelly (D:5)
  A gnoll bouda (D:4)
  Crazy Yiuf (D:3)
  A hound (D:2)
  2 iguanas (D:5)
  2 orc wizards (D:5)
  Robin (D:4)
  5 gnolls (D:4)
  5 adders
  2 worms
  3 dart slugs
  11 orcs
  3 ball pythons
  8 bats
  4 endoplasms
  4 giant cockroaches
  13 goblins
  11 hobgoblins
  5 jackals (D:1)
  7 kobolds
  4 quokkas
  2 frilled lizards (D:1)
  8 rats
109 creatures vanquished.

Notes
Turn   | Place    | Note
-------+----------+-------------------------------------------
     0 | D:1      | AlmostDecent the Gnoll Earth Elementalist began the quest
                  | for the Orb.
     0 | D:1      | Reached XP level 1. HP: 13/13 MP: 6/6
    17 | D:1      | Reached XP level 2. HP: 19/19 MP: 0/7
   503 | D:1      | Reached skill level 5 in Spellcasting
   503 | D:1      | Reached XP level 3. HP: 25/25 MP: 6/9
   823 | D:1      | Reached skill level 1 in Invocations
   986 | D:2      | Found a faded altar of an unknown god.
   987 | D:2      | Noticed a golden eye
  1001 | D:2      | Noticed a floating eye
  1005 | D:2      | Noticed a golden eye
  1005 | D:2      | Noticed a shining eye
  1025 | D:2      | Reached skill level 1 in Fighting
  1025 | D:2      | Reached skill level 1 in Short Blades
  1025 | D:2      | Reached skill level 1 in Long Blades
  1025 | D:2      | Reached skill level 1 in Axes
  1025 | D:2      | Reached skill level 1 in Maces & Flails
  1025 | D:2      | Reached skill level 1 in Polearms
  1025 | D:2      | Reached skill level 1 in Staves
  1025 | D:2      | Reached skill level 1 in Ranged Weapons
  1025 | D:2      | Reached skill level 1 in Throwing
  1025 | D:2      | Reached skill level 1 in Armour
  1025 | D:2      | Reached skill level 1 in Shields
  1025 | D:2      | Reached skill level 1 in Unarmed Combat
  1025 | D:2      | Reached skill level 1 in Evocations
  1222 | D:2      | Found a glowing silver altar of Zin.
  1312 | D:2      | Reached XP level 4. HP: 32/32 MP: 9/11
  1660 | D:2      | Learned a level 2 spell: Passwall
  1664 | D:2      | Learned a level 3 spell: Stone Arrow
  1817 | D:3      | Reached skill level 1 in Conjurations
  1817 | D:3      | Reached skill level 1 in Hexes
  1817 | D:3      | Reached skill level 1 in Summonings
  1817 | D:3      | Reached skill level 1 in Necromancy
  1817 | D:3      | Reached skill level 1 in Translocations
  1817 | D:3      | Reached skill level 1 in Fire Magic
  1817 | D:3      | Reached skill level 1 in Ice Magic
  1817 | D:3      | Reached skill level 1 in Air Magic
  1817 | D:3      | Reached skill level 1 in Poison Magic
  1888 | D:3      | Found a runed translucent door.
  1889 | D:3      | Noticed Crazy Yiuf
  1895 | D:3      | Killed Crazy Yiuf
  1896 | D:3      | Reached XP level 5. HP: 9/37 MP: 7/12
  2204 | D:3      | Noticed Zeldahummer's ghost (amateur MfNe)
  2218 | D:3      | Found a transporter.
  2263 | D:3      | Found a transporter.
  2412 | D:4      | Noticed a black bear
  2414 | D:4      | Noticed a black bear
  2425 | D:4      | Killed a black bear
  2441 | D:2      | Reached XP level 6. HP: 12/44 MP: 3/14
  2562 | D:3      | Killed a black bear
  2563 | D:3      | Reached skill level 5 in Dodging
  2711 | D:4      | Noticed Robin
  2725 | D:4      | Killed Robin
  2726 | D:4      | Reached XP level 7. HP: 13/50 MP: 9/15
  3201 | D:4      | Reached skill level 5 in Stealth
  3483 | D:4      | Found Astrioq's Weapon Shoppe.
  3580 | D:5      | Entered Level 5 of the Dungeon
  3657 | D:5      | Found a staircase to the Ecumenical Temple.
  3701 | D:5      | Reached skill level 6 in Earth Magic
  3715 | Temple   | Entered the Ecumenical Temple
  3856 | Temple   | Became a worshipper of Vehumet
  3909 | D:5      | Found a transporter.
  3916 | D:5      | Learned a level 2 spell: Searing Ray
  3917 | D:5      | Found a transporter.
  3932 | D:5      | Reached XP level 8. HP: 58/58 MP: 13/16
  3955 | D:5      | Noticed Pikel
  3963 | D:5      | HP: 1/58 [Pikel/+1 whip of flaming (9)]
  3963 | D:5      | Slain by Pikel

Illustrated notes

Levels and vault maps discovered:
D:1:      beargit_arrival_greenhouse, layout_loops_ring,
          amcnicky_mini_rare_corridor_liquid
D:2:      layout_loops_cross, hellmonk_ecumenical_altar_watching_god,
          basic_altar
D:3:      layout_rooms, gammafunk_ghost_stat_death, uniq_crazy_yiuf_cottage
D:4:      layout_loops_ring, serial_shops, shop, uniq_robin
D:5:      layout_rooms, cheibriados_altar_1, minmay_temple_entry_grid,
          gammafunk_ghost_hive, uniq_pikel
Temple:   mainiacjoe_temple_coin_purse

Skill      XL: |  1  2  3  4  5  6  7 |
---------------+----------------------+-----
Transmutations | 2 3 |  3.3
Spellcasting   | 5 |  5.9
Invocations    | 1 2 3 |  3.3
Fighting       | 1 2 3 |  3.0
Short Blades   | 1 2 3 |  3.0
Long Blades    | 1 2 3 |  3.0
Axes           | 1 2 3 |  3.0
Maces & Flails | 1 2 3 |  3.0
Polearms       | 1 2 3 |  3.0
Staves         | 1 2 3 |  3.0
Ranged Weapons | 1 2 3 |  3.0
Throwing       | 1 2 3 |  3.0
Armour         | 1 2 3 |  3.0
Shields        | 1 2 3 |  3.0
Unarmed Combat | 1 2 3 |  3.0
Evocations     | 1 2 3 |  3.0
Conjurations   | 1 2 |  2.4
Hexes          | 1 2 |  2.4
Summonings     | 1 2 |  2.4
Necromancy     | 1 2 |  2.4
Translocations | 1 2 |  2.4
Fire Magic     | 1 2 |  2.4
Ice Magic      | 1 2 |  2.4
Air Magic      | 1 2 |  2.4
Poison Magic   | 1 2 |  2.4
Dodging        | 5 |  5.5
Stealth        | 5 |  5.2
Earth Magic    | 6 |  6.0

Action                     |  1- 3 |  4- 6 |  7- 9 || total
---------------------------+-------+-------+-------++-------
  Melee: Unarmed           |     2 |       |       ||     2
         Quarterstaff      |       |    10 |    30 ||    40
         Bite              |       |     1 |     3 ||     4
   Cast: Sandblast         |    50 |    52 |    48 ||   150
         Stone Arrow       |       |     3 |       ||     3
    Use: Potion            |       |     2 |     4 ||     6
         Scroll            |       |       |     9 ||     9
 Armour: Robe              |       |    29 |    28 ||    57
  Dodge: Dodged            |     5 |    61 |    90 ||   156
